 Dungeon Crawl Stone Soup version 0.30-a0-1074-g5db6f66fbb (webtiles) character file.

Game seed: 3938837687849660978

17 retardedninja the Trooper (level 2, 27/27 HPs)
             Began as a Minotaur Fighter on Apr 12, 2023.
             Quit the game on level 1 of the Dungeon on Apr 13, 2023.
             The game lasted 00:00:58 (319 turns).

retardedninja the Trooper (Minotaur Fighter)         Turns: 319, Time: 00:00:59

Health: 27/27      AC:  7    Str: 20    XL:     2   Next: 44%
Magic:  1/1        EV:  9    Int:  5    God:
Gold:   61         SH:  4    Dex:  9    Spells: 1/1 levels left

rFire   . . .      SeeInvis .    a - +0 war axe
rCold   . . .      Faith    .    c - +0 buckler
rNeg    . . .      Spirit   .    b - +0 scale mail
rPois   .          Reflect  .    (helmet restricted)
rElec   .          Rampage  .    (no cloak)
rCorr   .                        (no gloves)
Will    .....                    (no boots) Stlth
                                 (no amulet)
HPRegen 0.24/turn                (no ring)
MPRegen 0.07/turn                (no ring)

@: no status effects
A: horns 2, retaliatory headbutt
a: no special abilities


You were on level 1 of the Dungeon.
You visited 1 branch of the dungeon, and saw 1 of its levels.

You collected 61 gold pieces.

Inventory:

Hand Weapons
 a - a +0 war axe (weapon)
Armour
 b - a +0 scale mail (worn)
 c - a +0 buckler (worn)
Scrolls
 f - 2 scrolls of enchant armour {unknown}
 g - 2 scrolls of poison {unknown}
Potions
 d - 3 potions of might
 e - 2 potions of berserk rage {unknown}


   Skills:
 + Level 3.9 Fighting
 + Level 2.8 Axes
 + Level 3.9 Armour
 + Level 3.9 Shields


You had one spell level left.
You didn't know any spells.
Your spell library contained the following spells:

 Spells                   Type           Power      Damage    Failure   Level
 Poisonous Vapours        Pois/Air       0%         N/A       96%         2
 Mephitic Cloud           Conj/Pois/Air  0%         N/A       99%         3
 Freezing Cloud           Conj/Ice/Air   0%         6-21      100%        5


Dungeon Overview and Level Annotations

Branches:
Dungeon (1/15)

Altars:


Innate Abilities, Weirdness & Mutations

You have a pair of horns on your head.
You reflexively headbutt those who attack you in melee.


Message History

g - 2 scrolls labelled KEOCEO OTZA (gained 1) Key pressed, stopping explore.
No target in view!
No target in view!
You see here 3 stones.
A ball python comes into view.
The ball python hisses angrily.
You see here 11 gold pieces.
A ball python is nearby!
A ball python is nearby!
You now have 61 gold pieces (gained 11).
A ball python is nearby!
A ball python is nearby!
The ball python bites you. The ball python grabs you.
The ball python constricts you.
You hit the ball python.
You kill the ball python!
No target in view!
No target in view!
HP restored.
You pick up a book of Vapours and begin reading...
You add the spells Poisonous Vapours, Mephitic Cloud and Freezing Cloud to your library.
A giant cockroach comes into view.
A giant cockroach is nearby!
A giant cockroach is nearby!
You hit the giant cockroach.
You kill the giant cockroach!
No target in view!
Key pressed, stopping explore.
No target in view!
d - 3 potions of might (gained 2)
A rat comes into view.
The rat bites you but does no damage.
Are you sure you want to abandon this character and quit the game? (Confirm with "yes".)
Okay, then.
Unknown command.
Unknown command.
Unknown command.
Unknown command.
Are you sure you want to abandon this character and quit the game? (Confirm with "yes".)

...# ### ######## ....#
#...####......# .....#
##.......@r.#
.....##.....##..####..
.....##.###............
.....#......#.####...##
...................###
......#.#####.######
......#.# #..#
......#.####.##
......#......#


You could see a rat.

Vanquished Creatures
  A bat (D:1)
  2 endoplasms (D:1)
  2 giant cockroaches (D:1)
  A goblin (D:1)
  3 hobgoblins (D:1)
  3 ball pythons (D:1)
  A frilled lizard (D:1)
  2 rats (D:1)
15 creatures vanquished.

Notes
Turn   | Place    | Note
-------+----------+-------------------------------------------
     0 | D:1      | retardedninja the Minotaur Fighter began the quest for the
                  | Orb.
     0 | D:1      | Reached XP level 1. HP: 19/19 MP: 0/0
     2 | D:1      | Found a faded altar of an unknown god.
   150 | D:1      | Upgraded the game from 0.30-a0-1066-g63dfefce0d to
                  | 0.30-a0-1074-g5db6f66fbb
   153 | D:1      | Reached XP level 2. HP: 27/27 MP: 1/1
   319 | D:1      | Quit the game

Illustrated notes

Levels and vault maps discovered:
D:1:      dpeg_arrival_ratfight, layout_rooms,
          ebering_ecumenical_altar_petrified

Action                     || total
---------------------------++-------
  Melee: War axe           ||    27
         Headbutt          ||     5
 Armour: Scale mail        ||    14
  Dodge: Dodged            ||     5
  Block: Buckler           ||     3

Table legend: (Time is in decaauts)
 A = Elapsed time spent in this place.
 B = Non-inter-level travel time spent in this place.
 C = Inter-level travel time spent in this place.
 D = Time resting spent in this place.
 E = Time spent auto-exploring this place.
 F = Levels seen in this place.
 G = Mean time per level.
                   A        B        C        D        E       F      G
               +--------+--------+--------+--------+--------+-----+--------+
         Total |    329 |    329 |      0 |      0 |    240 |   1 |  329.0 |
       Dungeon |    329 |    329 |      0 |      0 |    240 |   1 |  329.0 |
               +--------+--------+--------+--------+--------+-----+--------+

Top non-repeatable levels by time:
     D:1: 329 daAuts
